 Dungeon Crawl Stone Soup version 0.27.1 (webtiles) character file.

Game seed: 13602477585555503651

48 Atelerd the Digger (level 3, -2/21 HPs)
             Began as an Octopode Earth Elementalist on Sept 4, 2021.
             Slain by a jackal (3 damage)
             ... on level 3 of the Dungeon.
             The game lasted 00:01:03 (1734 turns).

Atelerd the Digger (Octopode Earth Elementalist)    Turns: 1734, Time: 00:01:03

Health: -2/21      AC:  1    Str:  7    XL:     3   Next: 72%
Magic:  7/7        EV: 13    Int: 18    God:
Gold:   55         SH:  0    Dex: 12    Spells: 6/7 levels left

rFire    . . .     SeeInvis .   e - +0 dagger
rCold    . . .     Faith    .   (no shield)
rNeg     . . .     Spirit   .   (helmet restricted)
rPois    .         Reflect  .   (no amulet)
rElec    .         Harm     .   (no ring)
rCorr    .         Rampage  .   (no ring)
Will     .....                  (no ring)
Stlth    +++.......             (no ring)
HPRegen  0.07/turn              (no ring)
MPRegen  0.10/turn              (no ring)
                                (no ring)
                                (no ring)

@: no status effects
A: almost no armour, amphibious, 8 rings, camouflage 1, gelatinous body 1,
(nimble swimmer 1), tentacles
a: no special abilities


You were on level 3 of the Dungeon.
You visited 1 branch of the dungeon, and saw 3 of its levels.

You collected 55 gold pieces.

Inventory:

Hand Weapons
 e - a +0 dagger (weapon)
Missiles
 b - 31 stones
Jewellery
 c - an amulet of guardian spirit
Scrolls
 d - a scroll of teleportation {unknown}
 h - a scroll of identify {unknown}
Potions
 a - 2 potions of might {unknown}
 f - 3 potions of heal wounds {unknown}
 g - a potion of curing {unknown}


   Skills:
 - Level 2.0 Dodging
 - Level 2.6 Stealth
 + Level 2.7 Spellcasting
 + Level 2.1 Transmutations
 + Level 3.5 Earth Magic


You had 6 spell levels left.
You knew the following spells:

 Your Spells              Type           Power      Damage    Failure   Level
a - Sandblast             Erth           30%        2d9       4%          1

Your spell library contained the following spells:

 Spells                   Type           Power      Damage    Failure   Level
 Passwall                 Tmut/Erth      10%        N/A       8%          2
 Stone Arrow              Conj/Erth      16%        3d8       24%         3
 Petrify                  Tmut/Erth      12%        N/A       45%         4


Dungeon Overview and Level Annotations

Branches:
Dungeon (3/15)

Altars:

Annotations:
D:3 Terence


Innate Abilities, Weirdness & Mutations

You cannot wear most types of armour.
You are amphibious.
You can wear up to eight rings at the same time.
Your skin changes colour to match your surroundings (Stealth+).
Your rubbery body absorbs attacks. (AC +1, EV +1)
((You are camouflaged near water. (Stealth+)))
You have tentacles for arms and can constrict up to eight enemies at once.


Message History

Terence is nearby!
The blast of sand hits Terence but does no damage.
Terence hits you with a +0 short sword!
Terence is nearby!
You are too injured to fight recklessly!
Terence is nearby!
You are too injured to fight recklessly!
Terence is nearby!
You are too injured to fight recklessly!
Terence is nearby!
You are too injured to fight recklessly!
Terence is nearby!
Unknown command.
Press: ? - help, v - describe, . - travel
Here: Terence, wielding a +0 short sword and wearing a +3 scale mail of cold resistance The floor.
Terence screams, "I want your blood!" Terence misses you.
You see here a +0 whip.
A giant cockroach comes into view.
Terence says, "How do you enjoy it?"
There is an escape hatch in the floor here.
The giant cockroach waves its antennae.
Terence barely misses you.
You slide downwards.
The hatch slams shut behind you.
The orc shouts!
The jackal barks! x2
The endoplasm quivers.
You hear a shout!
The ball python hisses angrily.
An orc comes into view. It is wielding a +0 club.
The orc shouts! x2
The jackal bites you. Terence misses you. The endoplasm closely misses you.
An orc priest comes into view. It is wielding a +0 flail.
The endoplasm freezes you.
You are frozen.
* * * LOW HITPOINT WARNING * * *
Unknown command.
The jackal barely misses you. The jackal bites you.
* * * LOW HITPOINT WARNING * * *
The jackal bites you.
You die...

..o...........
#oo#.......#
#..#...S...#
#..........#.
#.o..........
#.J.....#..#.
#h.@##..# .#
#hh.# ..# #@..#
..#
#............
#.............
#####...##.....
..... ....
+.....# ...
#.....+ ..
#.....#


You could see Terence, 3 orcs, an endoplasm, 3 jackals and a ball python.

Vanquished Creatures
  An adder (D:2)
  7 endoplasms
  4 giant cockroaches
  3 goblins
  3 hobgoblins (D:1)
  2 kobolds
  4 quokkas (D:1)
  5 ball pythons
  2 frilled lizards (D:1)
  2 rats (D:1)
33 creatures vanquished.

Notes
Turn   | Place    | Note
-------+----------+-------------------------------------------
     0 | D:1      | Atelerd the Octopode Earth Elementalist began the quest for
                  | the Orb.
     0 | D:1      | Reached XP level 1. HP: 11/11 MP: 3/3
   178 | D:1      | Reached XP level 2. HP: 17/17 MP: 3/5
   814 | D:1      | Reached XP level 3. HP: 21/21 MP: 6/6
  1689 | D:2      | Noticed Terence
  1732 | D:3      | HP: 1/21 [jackal (2)]
  1734 | D:3      | Slain by a jackal

Illustrated notes

Levels and vault maps discovered:
D:1:      ebering_trefoil_twist, layout_loops_ring
D:2:      layout_basic, ebering_ecumenical_altar_sacrificial, uniq_terence,
          uniq_natasha
D:3:      layout_basic, fiery_altar_vehumet, nicolae_yredelemnul_ghost_church,
          columned_hall_lemuel, kennysheep_generic_room_13

Skill      XL: |  1  2  3 |
---------------+----------+-----
Transmutations | 2 |  2.1
Dodging        | |  2.0
Stealth        | |  2.6
Spellcasting   | |  2.7
Earth Magic    | |  3.5

Action                   || total
-------------------------++-------
Melee: Unarmed           ||    17
       Tentacles         ||    13
       Constrict         ||    11
       Dagger            ||    32
 Cast: Sandblast         ||    22
 Stab: Sleeping          ||     8
Armor: Skin              ||     2
Dodge: Dodged            ||    33
